 Dungeon Crawl Stone Soup version 0.28-a0-1638-g9123634e07 (webtiles) character file.

Game seed: 12287873462619110229

3122 Raultor the Grappler (level 9, -4/88 HPs)
             Began as a Troll Monk on Jan 25, 2022.
             Was a Priest of Ru.
             Hit by a javelin thrown by a centaur (14 damage)
             ... in a bailey.
             The game lasted 00:16:14 (5396 turns).

Raultor the Grappler (Troll Monk)                   Turns: 5396, Time: 00:16:15

Health: -4/88      AC:  9    Str: 21    XL:     9   Next: 60%
Magic:  8/8        EV: 10    Int:  8    God:    Ru [***...]
Gold:   254        SH: 13    Dex: 14    Spells: 8/8 levels left

rFire   + . .      SeeInvis .     - Unarmed
rCold   . . .      Faith    .   l - +0 kite shield
rNeg    . . .      Spirit   .   B - +2 robe {rF+}
rPois   .          Reflect  +   (helmet restricted)
rElec   .          Harm     .   D - +2 cloak
rCorr   .          Rampage  .   (gloves unavailable)
Will    .....                   (boots unavailable)
Stlth   ++........              b - amulet of reflection
HPRegen 1.04/turn               (no ring)
MPRegen 0.11/turn               (no ring)

@: no status effects
A: large, unfitting armour, claws 3, regeneration 1, shaggy fur 1, tough skin 1,
inability to use devices, hated by all
a: Renounce Religion, Draw Out Power


You were in a bailey.
You worshipped Ru.
Ru was most pleased with you.
You visited 2 branches of the dungeon, and saw 8 of its levels.
You also visited: Bailey.

You collected 254 gold pieces.


Innate Abilities, Weirdness & Mutations

You are too large for most types of armour.
You have claws for hands.
Your natural rate of healing is unusually fast.
You are covered in fur. (AC +1)
You have tough skin. (AC +1)
You cannot study or use magical devices.
You are hated by all.


   Skills:
 + Level 5.4 Fighting
 + Level 5.0 Throwing
 - Level 1.0 Armour
 + Level 5.1 Dodging
 - Level 1.0 Stealth
 + Level 3.1 Shields
 * Level 8.8 Unarmed Combat


You had 8 spell levels left.
You didn't know any spells.
Your spell library contained the following spells:

 Spells                   Type           Power      Damage    Failure   Level
 Apportation              Tloc           0%         N/A       71%         1
 Pain                     Necr           0%         1d4       71%         1
 Vampiric Draining        Necr           0%         2d6       97%         3
 Alistair's Intoxication  Tmut/Pois      0%         N/A       100%        5
 Animate Skeleton         Necr           Unusable   N/A       N/A         1

Inventory:

Missiles
 c - 150 stones (quivered)
 y - 5 boomerangs
Armour
 l - a +0 kite shield (worn)
 B - a +2 robe of fire resistance (worn)
 D - a +2 cloak (worn)
Magical Staves
 e - a staff of air {!a}
 j - a staff of poison {!a}
Jewellery
 b - an amulet of reflection (around neck)
 o - an amulet of magic regeneration
 M - a ring of magical power
Scrolls
 d - a scroll of teleportation {unknown}
 f - 2 scrolls of identify {unknown}
 h - a scroll of silence {unknown}
 i - 2 scrolls of blinking {unknown}
 k - 3 scrolls of vulnerability
 n - 4 scrolls of enchant weapon {unknown}
 r - a scroll of fear {unknown}
 s - a scroll of brand weapon {unknown}
 t - 2 scrolls of enchant armour {unknown}
 u - a scroll of noise {unknown}
 v - a scroll of amnesia {unknown}
 A - a scroll of immolation {unknown}
Potions
 g - 2 potions of heal wounds {unknown}
 m - a potion of ambrosia {unknown}
 p - a potion of lignification {unknown}
 w - 2 potions of curing {unknown}
 x - a potion of degeneration {unknown}
 z - a potion of berserk rage {unknown}
 C - a potion of flight {unknown}

Dungeon Overview and Level Annotations

Branches:
Dungeon (7/15)             Temple (1/1) D:4          Bailey (1/1)

Altars:
Ashenzari
Dithmenos
Elyvilon
Fedhas
Gozag
Hepliaklqana
Makhleb
Ru
Xom
Yredelemnul
The Shining One

Shops:
D:5

: ▒▒≈≈≈$.$≈≈≈▒▒
▒▒▒▒≈≈⌠$...$⌠≈≈▒▒▒▒
▒≈≈≈≈..co)....≈≈≈≈▒
▒......≈≈≈≈≈......▒
▒.....≈≈...≈≈.....▒
+..≈.≈≈.≈.≈.≈≈.≈..+
▒.≈≈.≈.≈≈.≈≈.≈.≈≈.▒
▒.≈.≈≈.≈...≈.≈≈.≈.▒
▒.≈@≈.≈≈...≈≈.≈.≈.▒
▒.≈.≈.≈.⌠∩⌠.≈.≈.≈.▒
▒.≈.≈.≈..∩..≈.≈.≈.▒
▒.≈.≈.≈.⌠∩⌠.≈.≈)≈.▒
▒.≈.≈.≈≈...≈≈)≈.≈.▒
▒.≈.≈≈.≈...≈.≈≈.≈.▒
▒.≈≈.≈.≈≈≈≈≈)≈)≈≈.▒
▒▒.≈.≈≈.....≈≈)≈.▒▒
▒.≈≈.≈≈≈.≈≈≈)≈≈.▒


You could see a centaur and an orc.


Message History

The centaur throws a javelin.
The javelin pierces through you but does no damage.
The centaur throws a javelin.
The javelin pierces through you.
* * * LOW HITPOINT WARNING * * *
The centaur throws a javelin.
The javelin closely misses you.
The centaur throws a javelin.
The javelin pierces through you.
* * * LOW HITPOINT WARNING * * *
The centaur throws a javelin.
The javelin pierces through you but does no damage.
The orc hits you but does no damage.
The centaur throws a javelin.
The javelin pierces through you.
* * * LOW HITPOINT WARNING * * *
You block the orc's attack.
You claw the orc!
You kill the orc!
The centaur throws a javelin.
The javelin pierces through you!
* * * LOW HITPOINT WARNING * * *
Things that are here:
a +0 trident; a +0 chain mail The centaur throws a javelin.
The javelin pierces through you.
* * * LOW HITPOINT WARNING * * *
The centaur throws a javelin.
The javelin pierces through you but does no damage.
The centaur throws a javelin.
The javelin pierces through you.
* * * LOW HITPOINT WARNING * * *
The centaur throws a javelin.
The javelin pierces through you.
* * * LOW HITPOINT WARNING * * *
The centaur throws a javelin.
The javelin barely misses you.
The centaur throws a javelin.
The javelin pierces through you!
You die...

Skill      XL: |  1  2  3  4  5  6  7  8  9 |
---------------+----------------------------+-----
Throwing       | 1 2 3 4 5 |  5.0
Armour         | 1 |  1.0
Fighting       | 3 4 5 |  5.4
Unarmed Combat | 4 5 6 7 8 |  8.8
Dodging        | 3 4 5 |  5.1
Shields        | 2 3 |  3.1
Stealth        | |  1.0

Action                   |  1- 3 |  4- 6 |  7- 9 || total
-------------------------+-------+-------+-------++-------
Melee: Unarmed           |    62 |   129 |   280 ||   471
       Punch             |     1 |     3 |    13 ||    17
Invok: Sacrifice Artific |       |     1 |       ||     1
       Sacrifice Love    |       |       |     1 ||     1
  Use: Scroll            |       |       |     1 ||     1
 Stab: Sleeping          |     1 |     1 |       ||     2
       Invisible         |       |       |     3 ||     3
       Distracted        |       |       |     2 ||     2
Armor: Robe              |    21 |    15 |    65 ||   101
Dodge: Dodged            |    26 |    39 |   108 ||   173
Block: Other             |    12 |    17 |    44 ||    73
       Reflection        |       |       |     1 ||     1
       Kite shield       |       |       |    31 ||    31

Levels and vault maps discovered:
D:1:      minmay_arrival_hallway, layout_basic, solitary_fountain
D:2:      layout_loops_ring, dreamdust_ecumenical_altar_statues, uniq_robin,
          uniq_sigmund
D:3:      layout_basic, kennysheep_generic_room_2, uniq_terence
D:4:      layout_rooms, minmay_temple_entry_statues_pillars, uniq_grinder
D:5:      layout_gridville, serial_shops, nicolae_shop_behind_doors,
          st_stairs_3, lightli_minifort
D:6:      layout_basic, uniq_duvessa, uniq_crazy_yiuf_cottage, uniq_eustachio,
          uniq_pikel
D:7:      layout_rooms, gup_ossuary_entry_pyramid, enter_bailey_3,
          nicolae_fountain_basement, uniq_maggie
Temple:   jpeg_temple_clearing
Bailey:   bailey_polearm_flooded_kennysheep, bailey

Notes
Turn   | Place    | Note
-------+----------+-------------------------------------------
     0 | D:1      | Raultor the Troll Monk began the quest for the Orb.
     0 | D:1      | Reached XP level 1. HP: 22/22 MP: 0/0
   140 | D:1      | Reached XP level 2. HP: 29/29 MP: 1/1
   627 | D:2      | Reached XP level 3. HP: 36/36 MP: 2/2
   733 | D:2      | Noticed Sigmund
   743 | D:2      | Reached skill level 1 in Throwing
   743 | D:2      | Reached skill level 1 in Armour
   769 | D:2      | Killed Sigmund
   770 | D:2      | Reached skill level 3 in Fighting
   770 | D:2      | Reached skill level 4 in Unarmed Combat
   770 | D:2      | Reached XP level 4. HP: 25/45 MP: 3/3
   770 | D:2      | Reached XP level 5. HP: 29/53 MP: 4/4
   871 | D:2      | Found a faded altar of an unknown god.
   924 | D:2      | Noticed Robin
   937 | D:2      | Reached skill level 2 in Throwing
   947 | D:2      | Killed Robin
  1453 | D:3      | Noticed Terence
  1463 | D:3      | Killed Terence
  1464 | D:3      | Reached skill level 3 in Dodging
  1464 | D:3      | Reached XP level 6. HP: 54/61 MP: 5/5
  1803 | D:3      | Identified the +7 long sword "Wolax" {spect, MP+9 Str+3
                  | Int+3}
  1950 | D:3      | Reached skill level 5 in Unarmed Combat
  2117 | D:4      | Found a staircase to the Ecumenical Temple.
  2156 | Temple   | Entered the Ecumenical Temple
  2233 | Temple   | Became a worshipper of Ru the Awakened
  2234 | Temple   | Gained mutation: You cannot study or use magical devices.
                  | [Ru sacrifice]
  2234 | Temple   | Reached * piety under Ru
  2234 | Temple   | Reached ** piety under Ru
  2257 | D:4      | Noticed Grinder
  2319 | D:4      | Paralysed by Grinder for 4 turns
  2398 | D:4      | Killed Grinder
  2399 | D:4      | Reached XP level 7. HP: 68/68 MP: 6/6
  2531 | D:4      | Reached skill level 3 in Throwing
  2531 | D:4      | Reached skill level 6 in Unarmed Combat
  2795 | D:4      | Reached skill level 4 in Fighting
  2931 | D:5      | Entered Level 5 of the Dungeon
  2964 | D:5      | Reached XP level 8. HP: 38/78 MP: 7/7
  3044 | D:5      | Reached skill level 4 in Dodging
  3135 | D:5      | Reached skill level 1 in Shields
  3447 | D:5      | Reached skill level 7 in Unarmed Combat
  3895 | D:5      | Found Qoalaxan's Book Shop.
  3987 | D:5      | Reached skill level 4 in Throwing
  4100 | D:5      | Reached skill level 2 in Shields
  4287 | D:6      | Reached XP level 9. HP: 72/87 MP: 8/8
  4435 | D:6      | Identified the +4 spear of Zemoil {vorpal, rPois Str-3
                  | Int+2}
  4437 | D:6      | Noticed Pikel
  4452 | D:6      | Gained mutation: You are hated by all. [Ru sacrifice]
  4452 | D:6      | Reached *** piety under Ru
  4453 | D:6      | Killed Pikel
  4454 | D:6      | Reached skill level 5 in Fighting
  4454 | D:6      | Reached skill level 8 in Unarmed Combat
  4872 | D:6      | Noticed Duvessa
  4872 | D:6      | Noticed Dowan
  4872 | D:6      | Noticed Eustachio
  4884 | D:6      | Killed Duvessa
  4885 | D:6      | Reached skill level 5 in Dodging
  4885 | D:6      | Killed Dowan
  4901 | D:6      | Killed Eustachio
  4902 | D:6      | Reached skill level 3 in Shields
  5046 | D:6      | Found a runed translucent door.
  5047 | D:6      | Noticed Crazy Yiuf
  5146 | D:6      | Killed Crazy Yiuf
  5310 | D:7      | Found a flagged portal.
  5332 | Bailey   | Entered a bailey
  5366 | Bailey   | Reached skill level 5 in Throwing
  5375 | Bailey   | HP: 8/88 [centaur/javelin (7)]
  5388 | Bailey   | HP: 8/88 [centaur/javelin (3)]
  5396 | Bailey   | Hit by a javelin thrown by a centaur

Vanquished Creatures
  Pikel (D:6)
  Grinder (D:4)
  Sigmund (D:2)
  Eustachio (D:6)
  A water moccasin (D:6)
  Duvessa (D:6)
  2 sky beasts (D:5)
  4 ogres
  A phantom (D:5)
  2 scorpions
  3 gnoll sergeants
  Dowan (D:6)
  4 wights (D:4)
  2 bullfrog zombies (D:5)
  2 centaur zombies
  A hound (D:5)
  A gnoll shaman (D:5)
  Crazy Yiuf (D:6)
  2 bullfrog skeletons
  3 iguanas
  2 orc wizards
  Terence (D:3)
  Robin (D:2)
  20 gnolls
  2 howler monkey skeletons
  4 adders
  A shadow imp (D:6)
  An adder skeleton (D:4)
  A dart slug (D:3)
  A worm (D:4)
  23 orcs
  10 endoplasms
  2 giant cockroaches
  13 goblins
  5 hobgoblins
  5 jackals (D:1)
  6 quokkas
  3 ball pythons
  4 bats
  2 frilled lizards
  9 kobolds
  6 rats
157 creatures vanquished.

Vanquished Creatures (others)
  A centaur (Bailey)
  2 orcs (Bailey)
  A goblin (D:7)
4 creatures vanquished.

Grand Total: 161 creatures vanquished

Table legend: (Time is in decaauts)
 A = Elapsed time spent in this place.
 B = Non-inter-level travel time spent in this place.
 C = Inter-level travel time spent in this place.
 D = Time resting spent in this place.
 E = Time spent auto-exploring this place.
 F = Levels seen in this place.
 G = Mean time per level.
                   A        B        C        D        E       F      G
               +--------+--------+--------+--------+--------+-----+--------+
         Total |   5352 |   5140 |    212 |     58 |   3697 |   9 |  594.7 |
       Dungeon |   5193 |   4993 |    200 |     58 |   3634 |   7 |  741.9 |
        Temple |     95 |     83 |     12 |      0 |     63 |   1 |   95.0 |
        Bailey |     63 |     63 |      0 |      0 |      0 |   1 |   63.0 |
               +--------+--------+--------+--------+--------+-----+--------+

Top non-repeatable levels by time:
     D:5: 1156 daAuts
     D:6: 1050 daAuts
     D:3: 861 daAuts
     D:2: 724 daAuts
     D:4: 695 daAuts
     D:1: 589 daAuts
     D:7: 115 daAuts
  Temple: 95 daAuts
  Bailey: 63 daAuts

Table legend:
 A = Non-vault XP
 B = Vault XP
 C = Vault XP percentage of total XP
 D = Non-vault monster count
 E = Vault monster count
 F = Vault count percentage of total count
                 A         B        C        D         E       F
            +---------+---------+-------+---------+---------+-------
      Total |    2264 |    2196 |  49.2 |     118 |      41 |  25.8
            +---------+---------+-------+---------+---------+-------
        D:1 |      29 |       0 |   0.0 |      18 |       0 |   0.0
        D:2 |      61 |     259 |  80.9 |      11 |      11 |  50.0
        D:3 |      87 |      34 |  28.1 |      23 |       2 |   8.0
        D:4 |     544 |     277 |  33.7 |      23 |       1 |   4.2
        D:5 |     943 |     330 |  25.9 |      27 |       9 |  25.0
        D:6 |     482 |    1094 |  69.4 |      15 |       5 |  25.0
        D:7 |     118 |     108 |  47.8 |       1 |       6 |  85.7
     Bailey |       0 |      94 | 100.0 |       0 |       7 | 100.0
            +---------+---------+-------+---------+---------+-------
